 Dungeon Crawl Stone Soup version 0.17-a0-1570-g74b7129 (console) character file.

22920 FIQ the Severer (level 12, -4/115 HPs)
             Began as a Minotaur Berserker on July 23, 2015.
             Was the Champion of Trog.
             Slain by an orc warrior
             ... wielding a +0 war axe
              (17 damage)
             ... on level 4 of the Orcish Mines.
             The game lasted 00:48:13 (10539 turns).

FIQ the Severer (Minotaur Berserker)               Turns: 10539, Time: 00:48:13

Health: -4/115     AC: 19    Str: 21 (22) XL:     12   Next: 67%
Magic:  11/11      EV: 19    Int:  3 (4)  God:    Trog [******]
Gold:   1390       SH:  0    Dex: 20      Spells: 0 memorised, 11 levels left

rFire  . . .     SeeInvis .     F - +4 broad axe (distort)
rCold  . . .     Clarity  .     Q - quicksilver dragon armour
rNeg   . . .     SustAt   .     (no shield)
rPois  +         Gourm    .     (helmet restricted)
rElec  +         Spirit   .     g - +2 cloak
rCorr  .         Warding  .     n - +0 pair of gloves
rMut   .         Rnd*Tele +     (no boots)
MR     +....                    G - amulet of regeneration
Stlth  ++........               p - +4 ring of slaying
                                W - ring of poison resistance

@: agile, exhausted, slowed, very slow, somewhat resistant to hostile
enchantments, unstealthy
A: retaliatory headbutt, horns 2, repulsion field 1, deterioration 1,
electricity resistance, teleportitis 1, wild magic 2
a: Burn Spellbooks, Berserk, Trog's Hand, Brothers in Arms, Renounce Religion


You were on level 4 of the Orcish Mines.
You worshipped Trog.
Trog was exalted by your worship.
You were near starving.

You visited 3 branches of the dungeon, and saw 16 of its levels.

You collected 1390 gold pieces.

Inventory:

Hand weapons
 h - a +0 whip of venom
 r - a +2 hand axe of electrocution
 F - a +4 broad axe of distortion (weapon)
 T - the +4 arc blade {discharge, rElec}
   (Trog gifted it to you on level 4 of the Orcish Mines)

   It insulates you from electricity.
 Y - a +2 antimagic war axe
 Z - a +4 executioner's axe of distortion
Armour
 g - a +2 cloak (worn)
 l - a +1 plate armour
 n - a +0 pair of gloves (worn)
 s - a +0 scale mail of cold resistance
 M - a +0 robe of magic resistance
 Q - a quicksilver dragon armour (worn)
Jewellery
 e - a +2 ring of dexterity
 i - a +2 ring of dexterity
 m - an uncursed ring of stealth
 p - a +4 ring of slaying (right hand)
 A - an uncursed ring of ice
 B - an uncursed amulet of warding
 G - an amulet of regeneration (around neck)
 W - a ring of poison resistance (left hand)
Magical devices
 f - a wand of confusion (6)
 y - a wand of paralysis (10)
 z - a wand of digging (5)
 E - a wand of draining (3)
 I - a wand of polymorph (4)
 J - a wand of cold (8)
 X - a wand of frost (27)
Scrolls
 a - 2 scrolls of recharging
 j - 7 scrolls of remove curse
 u - a scroll of magic mapping
 w - 2 scrolls of identify
 C - 3 scrolls of teleportation
 O - 2 scrolls of enchant armour
 R - a scroll of fear
 U - a scroll of enchant weapon
 V - a scroll of holy word {unknown}
Potions
 o - a potion of magic
 P - a potion of resistance
Comestibles
 b - 2 beef jerkies
 c - 6 bread rations
 d - a meat ration
 k - 3 slices of pizza
 v - 22 fruits
 x - 4 chunks of flesh
 L - a royal jelly


   Skills:
 + Level 13.1 Fighting
 * Level 17.2 Axes
 + Level 12.7 Armour
 - Level 2.1 Dodging


You had 11 spell levels left.
You didn't know any spells.

Dungeon Overview and Level Annotations

Branches:
Dungeon (11/15)            Temple (0/1) D:4            Lair (1/8) D:9
    Orc (4/4) D:11
    Elf: Orc:3-4

Altars:
Cheibriados
Dithmenos
Fedhas
Kikubaaqudgha
Nemelex Xobeh
Okawaru
Ru
Sif Muna
Trog
Xom
Yredelemnul
Zin
The Shining One

Shops:
D:7 [   D:8 =

Annotations:
Abyss:1 Donald, Fannar


Innate Abilities, Weirdness & Mutations

You reflexively headbutt those who attack you in melee.
You have a pair of horns on your head.
You are surrounded by a mild repulsion field (EV +2).
Your body sometimes deteriorates upon taking damage.
You are resistant to electric shocks.
You are occasionally teleported to nearby monsters.
Your spells are harder to cast, but more powerful.


Message History

The orc wizard shouts!
You slash the orc warlord!
The orc warlord is moderately wounded.
You slash the orc!
You kill the orc!
Trog accepts your kill.
The orc warlord blinks!
The orc knight roars a battlecry!
The orc warrior goes into a battle-frenzy!
The orc knight shoots a steel bolt.
The steel bolt misses you.
You hear a shout!
An orc wizard comes into view. It is wielding a dagger of venom.
Unknown command.
Read which item? (? for menu, Esc to quit)
As you read the scroll of summoning, it crumbles to dust.
Wisps of shadow whirl around you...
The orc warlord roars a battlecry!
The orcs go into a battle-frenzy!
The orc warrior hits you with a war axe!
You die...

. #.... .# #..... o.#
#......#########...#
##.......#g#...oo....
#........#@#o........
#.........oo.ooo.....
###.......oo.oo3o.....
#..........))o.o..o...
........)))))....4....
#...#)[)...........
##.))#.#.#....o....
#.[).###.#.........
##....#########.o.#
........##.).## ...
.......#.##.#.##


You could see an orc warlord, an orc knight (frenzied), a rust devil, a smoke
demon, 2 orc sorcerers, 3 orc warriors, an orc priest (frenzied), 3 orc wizards,
an orc (frenzied), 2 friendly orcs and a friendly goblin.

Vanquished Creatures
  An ettin (Orc:3)
  Josephine (Orc:3)
  A hydra (D:11)
  Erica (D:8)
  An orc high priest (Orc:4)
  2 unseen horrors
  2 orc knights
  3 orc sorcerers
  An ugly thing (D:10)
  2 centaur zombies (D:10)
  Prince Ribbit (D:7)
  3 hippogriffs (D:11)
  Sigmund (D:5)
  3 wraiths
  10 deep elf fighters (Orc:3)
  A wyvern (D:8)
  2 deep elf magi (Orc:3)
  A steam dragon (D:10)
  Grum (D:11)
  9 yaks
  A water moccasin (D:8)
  4 wargs
  3 wolves (D:11)
  Duvessa (D:5)
  An ice beast (D:10)
  4 sky beasts
  A necrophage (D:10)
  2 black bears
  15 orc warriors
  5 centaurs
  2 crocodiles
  11 ogres
  A giant frog (D:8)
  4 scorpions
  A gnoll sergeant (D:9)
  A water moccasin zombie (D:6)
  Dowan (D:5)
  13 killer bees
  8 electric eels (D:9)
  2 giant frog zombies
  4 jellies
  10 crimson imps
  11 hounds
  A giant frog skeleton (D:11)
  21 orc priests
  28 orc wizards
  Terence (D:3)
  3 iguanas
  A centaur skeleton (D:10)
  4 worker ants
  A killer bee zombie (D:11)
  A hound zombie (D:8)
  2 hound skeletons
  A mummy (D:5)
  2 gnolls (D:9)
  12 adders
  A river rat (D:9)
  2 shadow imps (D:9)
  An ooze (D:1)
  2 adder zombies
  3 adder skeletons
  2 worms
  6 giant geckos
  167 orcs
  3 ball pythons
  13 bats
  A bat skeleton (D:4)
  2 bat zombies
  2 giant cockroaches
  29 goblins
  14 hobgoblins
  4 jackals
  8 kobolds
  6 quokkas
  A giant gecko zombie (D:5)
  5 giant newts
  12 rats
  A fungus (D:9)
516 creatures vanquished.

Vanquished Creatures (others)
  A troll (Orc:1)
  2 orc warriors (Orc:4)
  An orc priest (Orc:3)
  A gnoll (D:9)
  A river rat (D:9)
  An orc (Orc:4)
  A fungus (D:9)
8 creatures vanquished.

Grand Total: 524 creatures vanquished

Notes
Turn   | Place    | Note
--------------------------------------------------------------
     0 | D:1      | FIQ the Minotaur Berserker began the quest for the Orb.
     0 | D:1      | Reached XP level 1. HP: 19/19 MP: 0/0
    39 | D:1      | Reached XP level 2. HP: 24/27 MP: 1/1
    84 | D:1      | Reached skill level 4 in Axes
   672 | D:2      | Found a basalt altar of Yredelemnul.
   741 | D:2      | Reached XP level 3. HP: 31/33 MP: 2/2
   903 | D:2      | Acquired Trog's second power
  1312 | D:2      | Found a glowing silver altar of Zin.
  1694 | D:3      | Found a blossoming altar of Fedhas.
  1758 | D:3      | Found a deep blue altar of Sif Muna.
  1786 | D:3      | Reached XP level 4. HP: 41/41 MP: 3/3
  1975 | D:3      | Found a shadowy altar of Dithmenos.
  1975 | D:3      | Found a bloodstained altar of Trog.
  2348 | D:3      | Found a shimmering altar of Xom.
  2436 | D:3      | Noticed Terence
  2443 | D:3      | Killed Terence
  2443 | D:3      | Reached skill level 5 in Axes
  2523 | D:3      | Reached XP level 5. HP: 47/47 MP: 4/4
  2535 | D:3      | Reached skill level 5 in Fighting
  2651 | D:3      | Reached skill level 6 in Axes
  2687 | D:4      | Found a staircase to the Ecumenical Temple.
  2944 | D:4      | Reached XP level 6. HP: 56/56 MP: 5/5
  3016 | D:5      | Entered Level 5 of the Dungeon
  3185 | D:5      | Reached skill level 7 in Axes
  3203 | D:5      | Noticed Sigmund
  3260 | D:5      | Killed Sigmund
  3260 | D:5      | Reached skill level 5 in Armour
  3260 | D:5      | Reached XP level 7. HP: 63/63 MP: 6/6
  3329 | D:5      | Noticed Duvessa
  3330 | D:5      | Noticed Dowan
  3336 | D:5      | Killed Dowan
  3339 | D:5      | Killed Duvessa
  3339 | D:5      | Reached skill level 8 in Axes
  3921 | D:5      | Reached XP level 8. HP: 71/71 MP: 7/7
  3931 | D:5      | Gained mutation: Your spells are a little harder to cast, but a little more powerful. [mutagenic meat]
  3932 | D:5      | Gained mutation: You are weak. (Str -2) [mutagenic meat]
  3933 | D:5      | Gained mutation: You are resistant to electric shocks. [mutagenic meat]
  3934 | D:5      | Lost mutation: You are weak. (Str -2) [mutagenic meat]
  4021 | D:5      | Found a snail-covered altar of Cheibriados.
  4281 | D:6      | Found an iron altar of Okawaru.
  4382 | D:6      | Acquired Trog's third power
  4409 | D:6      | Reached skill level 9 in Axes
  4576 | D:6      | Gained mutation: Your spells are harder to cast, but more powerful. [mutagenic meat]
  4577 | D:6      | Gained mutation: You can spit weak poison. [mutagenic meat]
  4578 | D:6      | Gained mutation: You are surrounded by a mild repulsion field (EV +2). [mutagenic meat]
  5030 | D:7      | Reached skill level 10 in Axes
  5317 | D:7      | Noticed Prince Ribbit
  5322 | D:7      | Reached XP level 9. HP: 65/81 MP: 8/8
  5419 | D:7      | Found an ancient bone altar of Kikubaaqudgha.
  5471 | D:7      | Found Ytteb's Armour Shop.
  5561 | D:7      | Killed Prince Ribbit
  5688 | D:7      | Found a sacrificial altar of Ru.
  5689 | D:7      | Found a sparkling altar of Nemelex Xobeh.
  5803 | D:8      | Reached skill level 11 in Axes
  5983 | D:8      | Found Ocorra Icuf's Jewellery Shoppe.
  6095 | D:8      | Noticed Erica
  6111 | D:8      | Killed Erica
  6111 | D:8      | Reached skill level 12 in Axes
  6192 | D:8      | Found a blossoming altar of Fedhas.
  6260 | D:8      | Reached XP level 10. HP: 91/91 MP: 9/9
  6572 | D:9      | Found a staircase to the Lair.
  6578 | D:9      | Received a gift from Trog
  6759 | Lair:1   | Entered Level 1 of the Lair of Beasts
  6925 | D:9      | Reached skill level 10 in Fighting
  7011 | D:9      | Reached skill level 13 in Axes
  7261 | D:10     | Entered Level 10 of the Dungeon
  7507 | D:10     | Noticed a red ugly thing
  7513 | D:10     | Killed a red ugly thing
  7513 | D:10     | Reached skill level 10 in Armour
  7643 | D:10     | Gained mutation: You are occasionally teleported to nearby monsters. [mutagenic meat]
  7644 | D:10     | Lost mutation: You can spit weak poison. [mutagenic meat]
  7645 | D:10     | Gained mutation: Your muscles are strong. (Str +2) [mutagenic meat]
  7726 | D:10     | Identified a scroll of acquirement
  7924 | D:10     | Reached skill level 14 in Axes
  7928 | D:10     | Reached XP level 11. HP: 101/101 MP: 10/10
  7933 | D:10     | Received a gift from Trog
  8059 | D:10     | Killed an unseen horror
  8211 | D:11     | Found a staircase to the Orcish Mines.
  8240 | D:11     | Found a glowing golden altar of the Shining One.
  8245 | D:11     | Noticed a six-headed hydra
  8265 | D:11     | Killed a ten-headed hydra
  8267 | D:11     | Noticed Grum
  8275 | D:11     | Killed Grum
  8275 | D:11     | Killed an unseen horror
  8321 | D:11     | Reached skill level 15 in Axes
  8545 | Orc:1    | Entered Level 1 of the Orcish Mines
  8545 | Orc:1    | Noticed Fannar
  8554 | Orc:1    | Banished Fannar
  8575 | Orc:1    | Received a gift from Trog
  9509 | Orc:3    | Received a gift from Trog
  9529 | Orc:3    | Reached XP level 12. HP: 92/112 MP: 11/11
  9566 | Orc:3    | Reached skill level 16 in Axes
  9580 | Orc:3    | Noticed an ettin
  9588 | Orc:3    | Killed an ettin
 10122 | Orc:3    | Noticed Josephine
 10126 | Orc:3    | Killed Josephine
 10160 | Orc:3    | Received a gift from Trog
 10189 | Orc:3    | Noticed Donald
 10345 | Orc:3    | Banished Donald
 10376 | Orc:4    | Entered Level 4 of the Orcish Mines
 10382 | Orc:4    | Received a gift from Trog
 10505 | Orc:4    | Reached skill level 17 in Axes
 10527 | Orc:4    | Noticed an orc warlord
 10534 | Orc:4    | Gained mutation: Your body sometimes deteriorates upon taking damage. [potion of mutation]
 10534 | Orc:4    | Lost mutation: Your muscles are strong. (Str +2) [potion of mutation]
 10539 | Orc:4    | Slain by an orc warrior

Vault maps used:
D:1:      erik_arrival_triangle_large
D:2:      zin_statuary, nicolae_overflow_hidden_temple, first_bread
D:3:      nicolae_overflow_crystal_walls, led_xom_imps, old_standard_altar,
          gammafunk_temple_overflow_elements, kennysheep_boxes, uniq_terence
D:4:      minmay_temple_entry_junction2
D:5:      corexii_shack_village, slow_altar_2, uniq_duvessa, uniq_sigmund
D:6:      lemuel_crystal_altar
D:7:      overflow_temple_1_default, gammafunk_temple_overflow_pools,
          serial_shops, kennysheep_mini_moat, uniq_prince_ribbit1
D:8:      serial_shops, shop, hangedman_tree_tricks, uniq_erica
D:9:      due_lair_maze_entry_diamond
D:10:     grunt_ministairs_14
D:11:     orc_0_dummy, basic_altar, uniq_grum
Lair:1:   grunt_forest_large_clearing_hut
Orc:1:    uniq_fannar
Orc:3:    nicolae_orc_pool_cavern, elves_outpost_lemuel, uniq_donald,
          uniq_josephine
Orc:4:    st_orc_congregation, serial_shops, nicolae_shop_window_shopping

Action                   |  1- 3 |  4- 6 |  7- 9 | 10-12 || total
-------------------------+-------+-------+-------+-------++-------
Melee: Hand axe          |    80 |    86 |   194 |   212 ||   572
       Broad axe         |       |       |       |   341 ||   341
Invok: Trog's Hand       |       |       |     1 |     2 ||     3
       Berserk           |       |       |     1 |     1 ||     2
       Brothers in Arms  |       |       |       |     1 ||     1
  Use: Potion            |     4 |     3 |     9 |     5 ||    21
       Scroll            |     5 |     6 |     3 |     5 ||    19
  Eat: Chunk             |     3 |     4 |    19 |    20 ||    46
